 Dungeon Crawl Stone Soup version 0.30-a0-371-gad7725a93e (webtiles) character file.

Game seed: 17099362437139531662

38 mopl the Sneak (level 3, -5/25 HPs)
             Began as an Octopode Brigand on Nov 22, 2022.
             Slain by a gnoll
             ... wielding a +0 halberd
              (12 damage)
             ... on level 2 of the Dungeon.
             The game lasted 00:01:05 (980 turns).

mopl the Sneak (Octopode Brigand)                    Turns: 980, Time: 00:01:06

Health: -5/25      AC:  1    Str: 10    XL:     3   Next: 43%
Magic:  3/3        EV: 12    Int: 15    God:
Gold:   44         SH:  0    Dex: 13    Spells: 2/2 levels left

rFire   . . .      SeeInvis .    a - +0 dagger (venom)
rCold   . . .      Faith    .    (no shield)
rNeg    . . .      Spirit   .    (helmet restricted)
rPois   .          Reflect  .    e - amulet of magic regeneration
rElec   .          Harm     .    (no ring)
rCorr   .          Rampage  .    (no ring)
Will    .....                    (no ring)
Stlth   ++++......               (no ring)
HPRegen 0.24/turn                (no ring)
MPRegen 0.48/turn                (no ring)
                                 (no ring)
                                 (no ring)

@: no status effects
A: almost no armour, amphibious, 8 rings, camouflage 1, gelatinous body 1,
(nimble swimmer 1), tentacles
a: no special abilities


You were on level 2 of the Dungeon.
You visited 1 branch of the dungeon, and saw 2 of its levels.

You collected 44 gold pieces.

Inventory:

Hand Weapons
 a - a +0 dagger of venom (weapon)
Missiles
 b - 9 poisoned darts (quivered)
 c - 3 curare-tipped darts
Jewellery
 e - an amulet of magic regeneration (around mantle)
Scrolls
 f - a scroll of identify {unknown}
 g - a scroll of summoning {unknown}
 k - a scroll of vulnerability {unknown}
Potions
 d - 2 potions of brilliance {unknown}
 h - a potion of berserk rage {unknown}
 i - a potion of heal wounds {unknown}
 j - a potion of invisibility {unknown}


   Skills:
 + Level 2.5 Fighting
 - Level 2.0(2.2) Short Blades
 + Level 1.2(1.8) Long Blades
 + Level 2.5 Throwing
 - Level 1.0 Dodging
 + Level 5.7 Stealth


You had 2 spell levels left.
You didn't know any spells.
Your spell library was empty.

Dungeon Overview and Level Annotations

Branches:
Dungeon (2/15)

Altars:


Innate Abilities, Weirdness & Mutations

You cannot wear most types of armour.
You are amphibious.
You can wear up to eight rings at the same time.
Your skin changes colour to match your surroundings (Stealth+).
Your rubbery body absorbs attacks. (AC +1, EV +1)
((You are camouflaged when in or above water. (Stealth+)))
You have tentacles for arms and can constrict up to eight enemies at once.


Message History

There is a stone staircase leading up here.
Okay, then.
A dart slug and a goblin come into view.
Found a smoky clear potion.
A giant cockroach comes into view.
Found an escape hatch in the ceiling.
Found a stone staircase leading up.
The helpless giant cockroach fails to defend itself.
You impale the giant cockroach!!
You kill the giant cockroach!
The dart slug launches a dart at you. The slug dart misses you.
Found a mace.
You hit the dart slug but do no damage.
The dart slug is poisoned.
You grab the dart slug. You squeeze the dart slug.
The dart slug is severely wounded.
You constrict the dart slug.
You kill the dart slug!
No target in view!
j - a smoky clear potion
k - a scroll labelled ETWUFR JAVOSK A gnoll comes into view.
It is wielding a +0 spear.
A gnoll comes into view. It is wielding a +0 halberd.
The gnoll moves out of view.
A gnoll comes into view. It is wielding a +0 club.
The gnoll shouts!
The gnoll barely misses you.
The gnoll shouts!
You hit the gnoll but do no damage.
The gnoll is poisoned.
Your grab misses the gnoll. You squeeze the gnoll!
The gnoll is severely wounded.
The gnoll barely misses you. The gnoll misses you.
You hit the gnoll. Your grab misses the gnoll.
The gnoll is almost dead.
The gnoll hits you with a +0 halberd. The gnoll hits you with a +0 spear.
The gnoll attacks as you move away! The gnoll hits you with a +0 halberd!
The gnoll attacks as you move away! The gnoll hits you with a +0 spear!
* * * LOW HITPOINT WARNING * * *
You feel a bit more experienced.
The gnoll hits you from afar with a +0 halberd!
You die...

. ...g...# ..........####
### ....... ...##..
####....# #..#.# <.##...#
####.@#g## ...#...#
#......g.# #..#...#+
##.....#g...#
###.....###......+.......
.................######..
.....♣...†.......+ #
......†........).#
###.....#####.####
#..#...#..# #.#


You could see 2 gnolls.

Vanquished Creatures
  A gnoll (D:2)
  A dart slug (D:2)
  A ball python (D:1)
  4 endoplasms (D:1)
  2 giant cockroaches
  4 goblins (D:1)
  4 hobgoblins (D:1)
  4 jackals (D:1)
  A quokka (D:1)
  5 bats (D:1)
  2 kobolds (D:1)
  3 rats (D:1)
32 creatures vanquished.

Notes
Turn   | Place    | Note
-------+----------+-------------------------------------------
     0 | D:1      | mopl the Octopode Brigand began the quest for the Orb.
     0 | D:1      | Reached XP level 1. HP: 14/14 MP: 1/1
   104 | D:1      | Reached XP level 2. HP: 2/19 MP: 2/2
   509 | D:1      | Reached skill level 1 in Long Blades
   530 | D:1      | Reached XP level 3. HP: 21/25 MP: 3/3
   980 | D:2      | Slain by a gnoll

Illustrated notes

Levels and vault maps discovered:
D:1:      dpeg_arrival_three_smaller_balls, layout_basic, minmay_unequal
D:2:      layout_basic, serial_aquarium, aquarium_bridge_square
          [aquarium_subvault_bridge, aquarium_subvault_wall,
          aquarium_subvault_wall, aquarium_subvault_wall], aquarium_window_2,
          aquarium_window_1, aquarium_view_2c, aquarium_balcony_3b,
          shapermc_ecumenical_altar_mp_vishouse, serial_shops,
          nicolae_lakefront_shop, chequers_serial_rivers_large_b,
          grunt_ministairs_6

Skill      XL: |  1  2 |
---------------+-------+-----
Long Blades    | 1 |  1.2
Fighting       | |  2.5
Short Blades   | |  2.0
Throwing       | |  2.5
Dodging        | |  1.0
Stealth        | |  5.7

Action                   || total
-------------------------++-------
Melee: Dagger            ||    60
       Constrict         ||    17
       Tentacles         ||    13
 Stab: Sleeping          ||    10
Armor: Skin              ||    11
Dodge: Dodged            ||    42

Table legend: (Time is in decaauts)
 A = Elapsed time spent in this place.
 B = Non-inter-level travel time spent in this place.
 C = Inter-level travel time spent in this place.
 D = Time resting spent in this place.
 E = Time spent auto-exploring this place.
 F = Levels seen in this place.
 G = Mean time per level.
                   A        B        C        D        E       F      G
               +--------+--------+--------+--------+--------+-----+--------+
         Total |    973 |    943 |     30 |     72 |    691 |   2 |  486.5 |
       Dungeon |    973 |    943 |     30 |     72 |    691 |   2 |  486.5 |
               +--------+--------+--------+--------+--------+-----+--------+

Top non-repeatable levels by time:
     D:1: 933 daAuts
     D:2: 39 daAuts
